3485 views
Uploaded 2020-02-16 01:22:07
Game version 1.32 / 1.32.1
15:38 long 2on2 ladder game on (4)Avalanche_LV
Saved by Grim
3485 views
Uploaded 2020-02-16 01:22:07
Game version 1.32 / 1.32.1
15:38 long 2on2 ladder game on (4)Avalanche_LV

43 units @ 7.5k
/ 1.1k
32 buildings @ 5.1k
/ 2.4k



| Healing Salve | 1 | 100 |
| Scroll of Speed | 1 | 50 |
| total: | 2 | 150g |
| Peon | 7 | 525 | / | 0 |
| Grunt | 7 | 1400 | / | 0 |
| Kodo Beast | 1 | 255 | / | 60 |
| Tauren | 4 | 1120 | / | 320 |
| Spirit Walker | 2 | 390 | / | 70 |
| Shaman | 3 | 390 | / | 60 |
| total: | 24 | 4080g | / | 510w |
| Altar of Storms | 1 | 180 | / | 50 |
| Orc Burrow | 7 | 1120 | / | 280 |
| Barracks | 1 | 180 | / | 50 |
| Voodoo Lounge | 1 | 130 | / | 30 |
| War Mill | 1 | 205 | / | 0 |
| Spirit Lodge | 1 | 150 | / | 150 |
| Beastiary | 2 | 290 | / | 280 |
| Tauren Totem | 2 | 270 | / | 310 |
| Stronghold | 1 | 315 | / | 190 |
| Fortress | 1 | 325 | / | 190 |
| total: | 16 | 2525g | / | 1150w |
| 0:02 | Peon |
| 0:02 | Peon |
| 0:12 | Altar of Storms |
| 0:25 | Orc Burrow |
| 0:29 | Peon |
| 0:37 | Peon |
| 0:46 | Barracks |
| 1:00 | Peon |
| 1:15 | Peon |
| 1:19 | Orc Burrow |
| 1:29 | Peon |
| 1:47 | Grunt |
| 2:08 | Voodoo Lounge |
| 2:21 | Grunt |
| 2:26 | Wind Walk |
| 2:45 | Orc Burrow |
| 3:19 | Grunt |
| 3:26 | War Mill |
| 4:03 | Stronghold |
| 4:38 | Grunt |
| 4:40 | Critical Strike |
| 4:58 | Orc Burrow |
| 5:01 | Healing Salve |
| 5:07 | Grunt |
| 5:09 | Steel Melee Weapons |
| 5:46 | Grunt |
| 6:31 | Berserker Strength |
| 6:34 | Orc Burrow |
| 6:41 | Steel Armor |
| 6:55 | Wind Walk |
| 7:14 | Spirit Lodge |
| 7:28 | Hex |
| 7:33 | Beastiary |
| 8:16 | Grunt |
| 9:05 | Shaman Adept Training |
| 9:06 | Fortress |
| 9:11 | Tauren Totem |
| 9:19 | Beastiary |
| 9:30 | Scroll of Speed |
| 9:44 | Witch Doctor Adept Training |
| 10:25 | Orc Burrow |
| 10:30 | Kodo Beast |
| 10:36 | Tauren Totem |
| 10:37 | Spirit Walker Adept Training |
| 11:24 | Orc Burrow |
| 11:58 | Tauren |
| 11:59 | Spirit Walker Master Training |
| 12:39 | Shaman Master Training |
| 12:48 | Spirit Walker |
| 13:00 | Summon Lava Spawn |
| 13:17 | Tauren |
| 13:36 | Shaman |
| 13:36 | Shaman |
| 13:39 | Spirit Walker |
| 14:16 | Tauren |
| 14:23 | Shaman |
| 14:58 | Healing Wave |
| 15:34 | Tauren |
| Right click | 574 |
| Select | 230 |
| Select group | 118 |
| Build/train/purchase | 52 |
| Assign group | 17 |
| Use ability | 5 |
| Remove unit | 2 |
| Minimap ping | 1 |



| Rod of Necromancy | 3 | 450 |
| Orb of Corruption | 1 | 375 |
| total: | 4 | 825g |
| Acolyte | 4 | 300 | / | 0 |
| Ghoul | 4 | 480 | / | 0 |
| Crypt Fiend | 7 | 1505 | / | 280 |
| Obsidian Statue | 2 | 400 | / | 70 |
| Frost Wyrm | 2 | 770 | / | 240 |
| total: | 19 | 3455g | / | 590w |
| Crypt | 2 | 400 | / | 100 |
| Altar of Darkness | 1 | 180 | / | 50 |
| Ziggurat | 7 | 1050 | / | 350 |
| Graveyard | 1 | 215 | / | 0 |
| Tomb of Relics | 1 | 130 | / | 30 |
| Slaughterhouse | 1 | 140 | / | 135 |
| Sacrificial Pit | 1 | 75 | / | 150 |
| Boneyard | 2 | 350 | / | 400 |
| Halls of the Dead | 2 | 640 | / | 420 |
| Black Citadel | 2 | 650 | / | 460 |
| total: | 16 | 2540g | / | 1215w |
| 0:05 | Crypt |
| 0:06 | Acolyte |
| 0:08 | Crypt |
| 0:11 | Altar of Darkness |
| 0:15 | Acolyte |
| 0:34 | Ziggurat |
| 0:57 | Graveyard |
| 1:10 | Ghoul |
| 1:23 | Tomb of Relics |
| 1:35 | Ghoul |
| 1:35 | Ghoul |
| 1:51 | Ziggurat |
| 2:24 | Rod of Necromancy |
| 2:25 | Death Coil |
| 2:28 | Crypt Fiend |
| 3:02 | Crypt Fiend |
| 3:18 | Halls of the Dead |
| 3:40 | Crypt Fiend |
| 3:44 | Unholy Aura |
| 3:55 | Rod of Necromancy |
| 4:18 | Crypt Fiend |
| 4:33 | Ziggurat |
| 4:51 | Ghoul |
| 5:42 | Slaughterhouse |
| 5:53 | Death Coil |
| 5:58 | Burrow |
| 6:10 | Black Citadel |
| 6:30 | Ziggurat |
| 6:36 | Frost Armor |
| 6:37 | Rod of Necromancy |
| 7:02 | Obsidian Statue |
| 7:46 | Obsidian Statue |
| 7:47 | Crypt Fiend |
| 8:14 | Crypt Fiend |
| 8:20 | Ziggurat |
| 9:21 | Howl of Terror |
| 10:00 | Crypt Fiend |
| 10:01 | Ziggurat |
| 10:03 | Sacrificial Pit |
| 10:31 | Frost Nova |
| 10:45 | Orb of Corruption |
| 10:48 | Destroyer Form |
| 10:59 | Acolyte |
| 11:39 | Boneyard |
| 11:43 | Boneyard |
| 11:59 | Creature Attack |
| 12:14 | Death Pact |
| 12:41 | Ziggurat |
| 13:04 | Frost Wyrm |
| 13:04 | Frost Wyrm |
| 13:36 | Improved Creature Attack |
| 13:51 | Acolyte |
| Right click | 1123 |
| Select group | 863 |
| Assign group | 338 |
| Select | 218 |
| Build/train/purchase | 71 |
| Use ability | 28 |
| Minimap ping | 10 |
| Chat | 4 |
| Item give/drop | 2 |
| Misc. action | 1 |
43 units @ 7.6k
/ 1.3k
25 buildings @ 4k
/ 1.4k


| Healing Salve | 1 | 100 |
| Lesser Clarity Potion | 1 | 70 |
| total: | 2 | 170g |
| Peon | 8 | 600 | / | 0 |
| Grunt | 4 | 800 | / | 0 |
| Demolisher | 1 | 220 | / | 50 |
| Tauren | 7 | 1960 | / | 560 |
| Troll Witch Doctor | 2 | 290 | / | 50 |
| total: | 22 | 3870g | / | 660w |
| Watch Tower | 2 | 220 | / | 160 |
| Altar of Storms | 1 | 180 | / | 50 |
| Orc Burrow | 6 | 960 | / | 240 |
| Barracks | 1 | 180 | / | 50 |
| Voodoo Lounge | 1 | 130 | / | 30 |
| War Mill | 1 | 205 | / | 0 |
| Tauren Totem | 1 | 135 | / | 155 |
| Spirit Lodge | 1 | 150 | / | 150 |
| Stronghold | 3 | 945 | / | 570 |
| Fortress | 2 | 650 | / | 380 |
| total: | 14 | 2160g | / | 835w |
| 0:02 | Peon |
| 0:05 | Peon |
| 0:06 | Peon |
| 0:15 | Altar of Storms |
| 0:26 | Orc Burrow |
| 0:33 | Peon |
| 0:49 | Peon |
| 1:08 | Barracks |
| 1:12 | Peon |
| 1:24 | Orc Burrow |
| 1:29 | Peon |
| 1:56 | Voodoo Lounge |
| 2:11 | Grunt |
| 2:18 | Serpent Ward |
| 2:32 | Stronghold |
| 2:33 | Stronghold |
| 3:26 | Grunt |
| 3:30 | War Mill |
| 3:36 | Orc Burrow |
| 3:50 | Grunt |
| 4:00 | Healing Salve |
| 4:03 | Lesser Clarity Potion |
| 4:26 | Grunt |
| 4:51 | Spiked Barricades |
| 4:54 | Watch Tower |
| 5:10 | Fortress |
| 5:55 | Berserker Strength |
| 6:19 | Tauren Totem |
| 6:30 | Healing Wave |
| 6:39 | Reinforced Defenses |
| 6:43 | Orc Burrow |
| 7:05 | Demolisher |
| 7:09 | Watch Tower |
| 7:57 | Summon Lava Spawn |
| 8:14 | Tauren |
| 8:18 | Orc Burrow |
| 9:14 | Tauren |
| 9:24 | Tauren |
| 9:31 | Spirit Lodge |
| 9:40 | Peon |
| 10:24 | Tauren |
| 11:18 | Witch Doctor Adept Training |
| 11:22 | Tauren |
| 11:26 | Orc Burrow |
| 11:29 | Steel Armor |
| 11:29 | Thorium Armor |
| 11:45 | Troll Witch Doctor |
| 12:19 | Pulverize |
| 12:23 | Steel Melee Weapons |
| 12:23 | Thorium Melee Weapons |
| 12:34 | Witch Doctor Master Training |
| 13:02 | Troll Witch Doctor |
| 13:29 | Tauren |
| 14:25 | Healing Wave |
| 14:57 | Soul Burn |
| 15:17 | Summon Lava Spawn |
| 15:37 | Tauren |
| Right click | 322 |
| Select | 169 |
| Select group | 155 |
| Misc. action | 81 |
| Build/train/purchase | 71 |
| Use ability | 29 |
| Assign group | 24 |
| Minimap ping | 4 |
| Esc | 2 |



| Rod of Necromancy | 4 | 600 |
| Orb of Corruption | 3 | 1125 |
| Scroll of Healing | 1 | 250 |
| Potion of Lesser Invulnerability | 1 | 150 |
| total: | 9 | 2125g |
| Acolyte | 3 | 225 | / | 0 |
| Ghoul | 3 | 360 | / | 0 |
| Crypt Fiend | 10 | 2150 | / | 400 |
| Obsidian Statue | 4 | 800 | / | 140 |
| Abomination | 1 | 240 | / | 70 |
| total: | 21 | 3775g | / | 610w |
| Crypt | 1 | 200 | / | 50 |
| Graveyard | 1 | 215 | / | 0 |
| Altar of Darkness | 1 | 180 | / | 50 |
| Ziggurat | 5 | 750 | / | 250 |
| Tomb of Relics | 1 | 130 | / | 30 |
| Necropolis | 1 | 225 | / | 0 |
| Slaughterhouse | 1 | 140 | / | 135 |
| Halls of the Dead | 2 | 640 | / | 420 |
| Black Citadel | 1 | 325 | / | 230 |
| total: | 11 | 1840g | / | 515w |
| 2:47 | Acolyte |
| 2:48 | Acolyte |
| 2:53 | Crypt |
| 3:07 | Graveyard |
| 3:29 | Altar of Darkness |
| 3:46 | Ziggurat |
| 3:57 | Ghoul |
| 4:10 | Tomb of Relics |
| 4:37 | Crypt Fiend |
| 4:37 | Crypt Fiend |
| 4:48 | Ziggurat |
| 5:09 | Crypt Fiend |
| 5:09 | Crypt Fiend |
| 5:33 | Rod of Necromancy |
| 5:33 | Rod of Necromancy |
| 5:37 | Death Coil |
| 6:01 | Halls of the Dead |
| 6:12 | Ghoul |
| 6:13 | Ghoul |
| 6:27 | Crypt Fiend |
| 6:27 | Crypt Fiend |
| 6:30 | Unholy Aura |
| 6:54 | Ziggurat |
| 7:01 | Crypt Fiend |
| 7:01 | Crypt Fiend |
| 7:02 | Crypt Fiend |
| 7:24 | Rod of Necromancy |
| 7:24 | Rod of Necromancy |
| 8:24 | Black Citadel |
| 8:47 | Slaughterhouse |
| 9:01 | Ziggurat |
| 9:02 | Crypt Fiend |
| 9:09 | Creature Attack |
| 9:55 | Obsidian Statue |
| 9:55 | Obsidian Statue |
| 9:56 | Obsidian Statue |
| 10:09 | Burrow |
| 10:19 | Death Coil |
| 10:37 | Obsidian Statue |
| 10:57 | Orb of Corruption |
| 10:57 | Orb of Corruption |
| 10:58 | Orb of Corruption |
| 10:59 | Frost Nova |
| 11:02 | Destroyer Form |
| 11:35 | Scroll of Healing |
| 11:52 | Ziggurat |
| 12:08 | Abomination |
| 12:16 | Acolyte |
| 12:30 | Web |
| 12:56 | Black Arrow |
| 13:23 | Necropolis |
| 13:46 | Potion of Lesser Invulnerability |
| 15:03 | Silence |
| 15:09 | Frost Armor |
| 15:22 | Unholy Aura |
| 15:28 | Frost Nova |
| Right click | 869 |
| Select group | 684 |
| Select | 452 |
| Build/train/purchase | 87 |
| Misc. action | 71 |
| Assign group | 67 |
| Use ability | 15 |
| Minimap ping | 7 |
| Item give/drop | 5 |
| Esc | 1 |